 Dungeon Crawl Stone Soup version 0.28-a0-556-gab23d0e057 (webtiles) character file.

Game seed: 18148636212064388662

12 meatgazer the Skirmisher (level 2, 0/19 HPs)
             Began as a Gargoyle Monk on Sept 28, 2021.
             Slain by a bat (1 damage)
             ... on level 2 of the Dungeon.
             The game lasted 00:00:24 (194 turns).

meatgazer the Skirmisher (Gargoyle Monk)             Turns: 194, Time: 00:00:25

Health: 0/19       AC:  4    Str: 14    XL:     2   Next: 33%
Magic:  2/2        EV: 12    Int: 10    God:
Gold:   14         SH:  0    Dex: 12    Spells: 1/1 levels left

rFire   . . .      SeeInvis .   a - +0 mace
rCold   . . .      Faith    .   (no shield)
rNeg    + . .      Spirit   .   b - +0 robe
rPois   ∞          Reflect  .   (no helmet)
rElec   +          Harm     .   (no cloak)
rCorr   .          Rampage  .   (no gloves)
Will    .....                   (no boots)
Stlth   ++........              (no amulet)
HPRegen 0.06/turn               (no ring)
MPRegen 0.08/turn               (no ring)

@: no status effects
A: sickness immunity, AC +2, negative energy resistance 1, electricity
resistance, torment resistance 1, petrification resistance
a: no special abilities


You were on level 2 of the Dungeon.
You visited 1 branch of the dungeon, and saw 2 of its levels.

You collected 14 gold pieces.

Inventory:

Hand Weapons
 a - a +0 mace (weapon)
Armour
 b - a +0 robe (worn)
Jewellery
 e - a ring of fire
Scrolls
 c - a scroll of enchant weapon {unknown}
 d - a scroll of fear {unknown}


   Skills:
 + Level 3.4 Fighting
 + Level 3.2 Maces & Flails
 + Level 2.7 Dodging
 + Level 2.1 Stealth


You had one spell level left.
You didn't know any spells.
Your spell library was empty.

Dungeon Overview and Level Annotations

Branches:
Dungeon (2/15)

Altars:


Innate Abilities, Weirdness & Mutations

You are immune to sickness and miasma.
Your stone body is resilient. (AC +2)
You are immune to poison.
You resist negative energy. (rN+)
You are resistant to electric shocks. (rElec)
You are resistant to unholy torment.
You are immune to petrification.


Message History

You are too injured to fight recklessly!
You are too injured to fight recklessly!
You are too injured to fight recklessly!
There are monsters nearby!
You hit the hobgoblin.
The hobgoblin is almost dead.
The hobgoblin hits you.
You barely miss the hobgoblin.
The hobgoblin is almost dead.
The adder bites you.
* * * LOW HITPOINT WARNING * * *
The hobgoblin misses you. The adder completely misses you.
You hit the hobgoblin.
You kill the hobgoblin!
The bat barely misses you. The adder bites you but does no damage.
A ball python comes into view.
The adder barely misses you. The bat misses you. The frilled lizard bites you.
* * * LOW HITPOINT WARNING * * *
A worm comes into view.
The adder bites you.
* * * LOW HITPOINT WARNING * * *
You see here a hobgoblin corpse.
You hit the frilled lizard.
You kill the frilled lizard!
The bat hits you.
* * * LOW HITPOINT WARNING * * *
The adder closely misses you. x2
You closely miss the hobgoblin. The bat barely misses you.
The hobgoblin hits you.
* * * LOW HITPOINT WARNING * * *
The adder bites you but does no damage.
You hit the hobgoblin.
You kill the hobgoblin!
The bat misses you. The adder bites you but does no damage. The bat misses you.
The bat barely misses you. The adder completely misses you.
You hit the kobold.
The kobold is moderately wounded.
The bat misses you. The bat hits you.
You die... ..S .# . ... .. .#. .w# .##... # ##.# ..#.# #.# bg.

g... #...###.#
..# #
##.....##†##...(
#...#.b@K.....#.
#....S#.#.....
#...#.#:# #...
#.#...###....#
#.............
######.#..###
#<........#
#######.#.# .# #


You could see a worm, an adder, a hobgoblin, 2 bats and a kobold.

Vanquished Creatures
  3 giant cockroaches
  A goblin (D:1)
  3 hobgoblins
  2 ball pythons
  A frilled lizard (D:2)
10 creatures vanquished.

Notes
Turn   | Place    | Note
-------+----------+-------------------------------------------
     0 | D:1      | meatgazer the Gargoyle Monk began the quest for the Orb.
     0 | D:1      | Reached XP level 1. HP: 14/14 MP: 1/1
   175 | D:2      | Reached XP level 2. HP: 19/19 MP: 2/2
   194 | D:2      | Slain by a bat

Illustrated notes

Levels and vault maps discovered:
D:1:      dpeg_arrival_lava_temple_mockup, layout_rooms
D:2:      layout_basic, minmay_fractal_squares_5

Action                   || total
-------------------------++-------
Melee: Mace              ||    32
Armor: Robe              ||    23
Dodge: Dodged            ||    44

Table legend: (Time is in decaauts)
 A = Elapsed time spent in this place.
 B = Non-inter-level travel time spent in this place.
 C = Inter-level travel time spent in this place.
 D = Time resting spent in this place.
 E = Time spent auto-exploring this place.
 F = Levels seen in this place.
 G = Mean time per level.
                   A        B        C        D        E       F      G
               +--------+--------+--------+--------+--------+-----+--------+
         Total |    201 |    196 |      5 |      0 |    122 |   2 |  100.5 |
       Dungeon |    201 |    196 |      5 |      0 |    122 |   2 |  100.5 |
               +--------+--------+--------+--------+--------+-----+--------+

Top non-repeatable levels by time:
     D:1: 164 daAuts
     D:2: 37 daAuts
